 Dungeon Crawl Stone Soup version 0.28-a0-1080-g05a166d0ed (webtiles) character file.

Game seed: 50357674498981555

7 ytrimaz the Insei (level 2, -14/18 HPs)
             Began as an Octopode Transmuter on Dec 9, 2021.
             Killed by an exploding bat (30 damage)
             ... ignited by their inner flame
             ... on level 1 of the Dungeon.
             The game lasted 00:00:23 (479 turns).

ytrimaz the Insei (Octopode Transmuter)              Turns: 479, Time: 00:00:24

Health: -14/18     AC:  1    Str:  9    XL:     2   Next: 4%
Magic:  5/5        EV: 13    Int: 15    God:
Gold:   35         SH:  0    Dex: 12    Spells: 4/5 levels left

rFire   . . .      SeeInvis .     - Unarmed
rCold   . . .      Faith    .   (no shield)
rNeg    . . .      Spirit   .   (helmet restricted)
rPois   .          Reflect  .   (no amulet)
rElec   .          Harm     .   (no ring)
rCorr   .          Rampage  .   (no ring)
Will    .....                   (no ring)
Stlth   ++........              (no ring)
HPRegen 0.06/turn               (no ring)
MPRegen 0.09/turn               (no ring)
                                (no ring)
                                (no ring)

@: no status effects
A: almost no armour, amphibious, 8 rings, camouflage 1, gelatinous body 1,
(nimble swimmer 1), tentacles
a: no special abilities


You were on level 1 of the Dungeon.
You visited 1 branch of the dungeon, and saw 1 of its levels.

You collected 35 gold pieces.

Inventory:

Jewellery
 d - a ring of poison resistance
Potions
 b - a potion of haste {unknown}
 c - a potion of brilliance {unknown}


   Skills:
 * Level 1.2 Fighting
 - Level 2.0 Dodging
 + Level 3.2 Unarmed Combat
 * Level 2.1 Spellcasting
 * Level 2.1 Transmutations


You had 4 spell levels left.
You knew the following spells:

 Your Spells              Type           Power      Damage    Failure   Level
a - Beastly Appendage     Tmut           14%        N/A       10%         1

Your spell library contained the following spells:

 Spells                   Type           Power      Damage    Failure   Level
 Wereblood                Tmut           7%         N/A       14%         2
 Spider Form              Tmut/Pois      4%         N/A       38%         3
 Gell's Gravitas          Tloc           1%         N/A       54%         3
 Teleport Other           Tloc           1%         N/A       54%         3
 Ice Form                 Ice/Tmut       4%         N/A       80%         4
 Dispersal                Tloc           0%         N/A       100%        6


Dungeon Overview and Level Annotations

Branches:
Dungeon (1/15)

Altars:


Innate Abilities, Weirdness & Mutations

You cannot wear most types of armour.
You are amphibious.
You can wear up to eight rings at the same time.
Your skin changes colour to match your surroundings (Stealth+).
Your rubbery body absorbs attacks. (AC +1, EV +1)
((You are camouflaged near water. (Stealth+)))
You have tentacles for arms and can constrict up to eight enemies at once.


Message History

You constrict the goblin. The goblin hits you with a +0 club.
You tentacle-slap the goblin.
You kill the goblin!
You have reached level 2!
HP restored.
Things that are here:
a +0 club; a goblin corpse
a - a scroll labelled FEMUUZ ROYSIWK
d - a ring of poison resistance
Found a gnarled runed staff.
No target in view!
A kobold comes into view. It is wielding a +0 club.
A kobold is nearby!
A kobold is nearby!
The helpless kobold fails to defend itself.
You tentacle-slap the kobold. You grab the kobold.
The kobold is moderately wounded.
You constrict the kobold.
You kill the kobold!
No target in view!
Found a stone staircase leading down.
Things that are here:
a +0 club; 2 stones You pick up a There-And-Back Book and begin reading...
You add the spells Gell's Gravitas, Teleport Other and Dispersal to your library.
A bat comes into view.
A bat is nearby!
As you read the scroll labelled FEMUUZ ROYSIWK, it crumbles to dust.
The creatures around you are filled with an inner flame!
It was a scroll of immolation.
Unknown command.
The bat hits you.
You barely miss the bat. Your grab misses the bat. The bat hits you.
You tentacle-slap the bat but do no damage.
You grab the bat. You constrict the bat.
Flame seeps out of the bat.
The bat is engulfed in blazing flames.
The bat explodes!
The fiery explosion engulfs you!!
Ouch! That really hurt!
You die...

####.#.####...#≈§≈≈≈≈...≈
#...........#≈§≈.......
#..#.####... ≈≈........
#..#.# ≈......... #..#.#
##..8.###. #..#.#
g#........ #..#.#
.#######'''#
#..#.####....##........
#.....@○.....##........
#..#.###§.....###......
#....... ..... .##'''''
#....... .............
##.###... ............ #.
#### ........... #
....##.#.# ### #.#.#
#.#.#


There were no monsters in sight!

Vanquished Creatures
  A dart slug (D:1)
  A bat (D:1)
  2 goblins (D:1)
  A kobold (D:1)
  2 rats (D:1)
7 creatures vanquished.

Notes
Turn   | Place    | Note
-------+----------+-------------------------------------------
     0 | D:1      | ytrimaz the Octopode Transmuter began the quest for the
                  | Orb.
     0 | D:1      | Reached XP level 1. HP: 13/13 MP: 3/3
   232 | D:1      | Reached XP level 2. HP: 15/18 MP: 5/5
   479 | D:1      | Killed by an exploding bat... ignited by their inner flame

Illustrated notes

Levels and vault maps discovered:
D:1:      lordsloth_arrival_two_stooges, layout_basic,
          nicolae_concentric_dashed_squares_mild

Action                   || total
-------------------------++-------
Melee: Unarmed           ||    12
       Constrict         ||     6
       Tentacles         ||     2
  Use: Scroll            ||     2
 Stab: Sleeping          ||     1
Dodge: Dodged            ||     5

Table legend: (Time is in decaauts)
 A = Elapsed time spent in this place.
 B = Non-inter-level travel time spent in this place.
 C = Inter-level travel time spent in this place.
 D = Time resting spent in this place.
 E = Time spent auto-exploring this place.
 F = Levels seen in this place.
 G = Mean time per level.
                   A        B        C        D        E       F      G
               +--------+--------+--------+--------+--------+-----+--------+
         Total |    478 |    478 |      0 |      0 |    400 |   1 |  478.0 |
       Dungeon |    478 |    478 |      0 |      0 |    400 |   1 |  478.0 |
               +--------+--------+--------+--------+--------+-----+--------+

Top non-repeatable levels by time:
     D:1: 478 daAuts
